 Dungeon Crawl Stone Soup version 0.24.0-123-gd5b16e6ec5 (webtiles) character file.

Game seed: 15283978806813503200, levelgen mode: deterministic

593780 manon the Acrobat (level 27, 0/236 HPs)
             Began as a Merfolk Berserker on Jan 26, 2020.
             Was a High Priest of Trog.
             Killed from afar by an acid blob (19 damage)
             ... with a splash of acid
             ... on level 4 of the Realm of Zot on Jan 29, 2020.
             The game lasted 10:15:08 (69188 turns).

manon the Acrobat (Merfolk Berserker)              Turns: 69188, Time: 10:15:09

Health: 0/236      AC: -4    Str: 34    XL:     27
Magic:  7/8        EV: 34    Int: 12    God:    Trog [*****.]
Gold:   3926       SH: 33    Dex: 25    Spells: 26/26 levels left

rFire    + . .     SeeInvis +   w - +8 trident (antimagic)
rCold    + + .     Gourm    .   f - +6 large shield
rNeg     + + .     Faith    +   C - +1 pearl dragon scales
rPois    +         Spirit   .   W - +2 helmet {SInv}
rElec    .         Reflect  .   y - scarf {rC+ rF+}
rCorr    .         Harm     .   d - +2 pair of gloves {Str+3}
MR       ++++.                  D - +2 pair of boots "Xuvaff" {*Contam +Blink Dex+4}
Stlth    +++.......             q - amulet of the Median {Faith +Inv Str+7 Int+2}
HPRegen  0.49/turn              T - ring of Xom's Absentmindedness {rPois rC+ MR+ MP-9 Dex+3}
MPRegen  0.11/turn              H - ring of False Pretenses {+Fly rN+ MR+ Slay+6 SInv}

@: corroded, very slightly contaminated, invisible (expiring)
A: change form in water, swift swim, stealthy swim, clever 1, shaggy fur 1
}: 3/15 runes: barnacled, silver, gossamer
a: Berserk, Trog's Hand, Brothers in Arms, Renounce Religion, Evoke Blink, Evoke
Flight


You were on level 4 of the Realm of Zot.
You worshipped Trog.
Trog was extremely pleased with you.
You were not hungry.

You visited 9 branches of the dungeon, and saw 48 of its levels.
You visited the Abyss 1 time.
You visited 1 bazaar.
You also visited: Trove, Gauntlet, Ice Cave and Wizlab.

You collected 8812 gold pieces.
You spent 4886 gold pieces at shops.

Inventory:

Hand Weapons
 a - a +5 demon trident of freezing
 b - a +3 vampiric trident
 t - a +4 demon trident of flaming
 w - a +8 antimagic trident (weapon)
Missiles
 e - 2 throwing nets
 j - 59 silver javelins
 A - 128 javelins (quivered)
Armour
 d - a +2 pair of gloves of strength (worn)
 f - a +6 large shield (worn)
 y - a scarf of resistance (worn)
 C - +1 pearl dragon scales (worn)
 D - the +2 pair of boots "Xuvaff" (worn) {*Contam +Blink Dex+4}
   (You found it in a Gauntlet)

   It affects your dexterity (+4).
   It lets you blink.
   It causes magical contamination when unequipped.
 W - a +2 helmet of see invisible (worn)
Jewellery
 i - the ring "Rezaid" {rElec rC+ rN+}
   (You took it off a deep elf knight on level 1 of the Elven Halls)

   [ring of protection from cold]

   It protects you from cold.
   It insulates you from electricity.
   It protects you from negative energy.
 l - an uncursed ring of resist corrosion
 q - the amulet of the Median (around neck) {Faith +Inv Str+7 Int+2}
   (You found it on level 1 of the Shoals)

   [amulet of faith]

   It allows you to gain divine favour quickly.
   It affects your strength (+7).
   It affects your intelligence (+2).
   It lets you turn invisible.
 v - the ring of Zedas {Dex+5 Slay+2}
   (You took it off a deep elf high priest on level 5 of the Vaults)

   [ring of dexterity]

   It affects your dexterity (+5).
   It affects your accuracy and damage with ranged weapons and melee attacks
   (+2).
 z - the amulet of Vitality {Regen+ HP+15}
   (You found it on level 4 of the Shoals)

   [amulet of regeneration]

   It affects your health (+15).
   It increases your rate of regeneration.
 E - the ring "Taic" {rC+ MP+9 Dex+4}
   (You took it off a vampire knight on level 4 of the Depths)

   [ring of magical power]

   It affects your dexterity (+4).
   It protects you from cold.
   It affects your magic capacity (+9).
 H - the ring of False Pretenses (right hand) {+Fly rN+ MR+ Slay+6 SInv}
   (You bought it in a shop on level 4 of the Depths)

   [ring of protection from magic]

   It affects your accuracy and damage with ranged weapons and melee attacks
   (+6).
   It protects you from negative energy.
   It affects your resistance to hostile enchantments.
   It lets you see invisible.
   It lets you fly.
 O - the ring of Ophu {rElec rF+ Dex+4 Stlth+}
   (You found it on level 3 of the Vaults)

   [ring of dexterity]

   It affects your dexterity (+4).
   It protects you from fire.
   It insulates you from electricity.
   It makes you more stealthy.
 T - the ring of Xom's Absentmindedness (left hand) {rPois rC+ MR+ MP-9 Dex+3}
   (You bought it in a shop on level 4 of the Depths)

   [ring of poison resistance]

   It affects your dexterity (+3).
   It protects you from cold.
   It protects you from poison.
   It affects your resistance to hostile enchantments.
   It affects your magic capacity (-9).
Wands
 p - a wand of acid (25)
 V - a wand of iceblast (9)
 X - a wand of disintegration (29)
 Y - a wand of clouds (10)
 Z - a wand of digging (29)
Scrolls
 g - 23 scrolls of teleportation
 n - 4 scrolls of blinking
 o - 15 scrolls of identify
 s - 2 scrolls of summoning
 B - 32 scrolls of remove curse
 M - 3 scrolls of holy word
 N - 5 scrolls of magic mapping
 P - 14 scrolls of fog
 Q - 5 scrolls of silence
Potions
 h - 10 potions of haste
 k - 2 potions of agility
 r - 18 potions of curing
 x - 2 potions of might
 G - 5 potions of flight
 J - 4 potions of mutation {!q}
 K - a potion of cancellation
 L - 3 potions of resistance
 S - 8 potions of heal wounds
 U - a potion of ambrosia
Miscellaneous
 m - a phial of floods
 F - 3 sacks of spiders
 I - 2 phantom mirrors
 R - a lamp of fire
Comestibles
 c - 52 rations


   Skills:
 * Level 23.6 Fighting
 + Level 24.1 Polearms
 - Level 12.0 Throwing
 - Level 5.0 Armour
 + Level 25.8 Dodging
 - Level 8.0 Stealth
 * Level 22.8 Shields
 - Level 15.0 Evocations


You had 26 spell levels left.
You didn't know any spells.
Your spell library was empty.

Dungeon Overview and Level Annotations

Branches:
Dungeon (15/15)            Temple (0/1) D:7            Lair (6/6) D:10
 Shoals (4/4) Lair:4       Spider (4/4) Lair:4        Slime (0/5) Lair:6
    Orc (2/2) D:12            Elf (3/3) Orc:2        Vaults (5/5) D:14
  Crypt (0/3) Vaults:2     Depths (5/5) D:15            Zot (4/5) Depths:5
  IceCv (visited)          WizLab (visited)         Gauntlet (visited)

Altars:
Ashenzari
Dithmenos
Fedhas
Kikubaaqudgha
Nemelex Xobeh
Okawaru
Ru
Vehumet
The Shining One
Beogh
Jiyva
Lugonu

Shops:
D:6 [   D:10 (   D:13 (   D:15 [(   Orc:2 :!%?   Elf:2 :   Shoals:1 :
Shoals:4 [   Depths:4 ==!}   Depths:5 *

Portals:
Hell: Depths:1 Depths:2 Depths:3 Depths:4 Depths:5
Abyss: Depths:1 Depths:2 Depths:4 Depths:5
Pandemonium: Depths:3 Depths:4
Ziggurat: Depths:5

Annotations:
D:3 Sigmund
D:6 2 transporters, exclusion: statue, Iamsoldier's ghost, novice MiBe
D:8 exclusion: oklob plant
Lair:3 1 runed translucent door, Pigabica's ghost, journeyman MfSk
Lair:4 exclusion: 3 oklob plants
Shoals:2 1 runed translucent door, PigIron's ghost, adept DsBe
Spider:1 exclusion: 2 oklob plants
Spider:2 exclusion: upstairs
Elf:1 3 runed translucent doors, exclusion: orange crystal statue
Elf:2 5 runed translucent doors, Roxanne
Depths:4 exclusion: orange crystal statue


Innate Abilities, Weirdness & Mutations

You revert to your normal form in water.
You are very nimble and swift while swimming.
You are very stealthy in the water. (Stealth+)
Your mind is acute. (Int +2)
You are covered in fur. (AC +1)


Message History

You strike the helpless yellow draconian from behind!
You hit the yellow draconian but do no damage.
The yellow draconian is severely wounded.
The acid blob spits acid at you. The splash of acid hits you!
* * * LOW HITPOINT WARNING * * *
The acid corrodes you!
You are splashed with acid!
* * * LOW HITPOINT WARNING * * *
You block the jelly's attack.
The yellow draconian looks as sick as possible!
Your blink will be uncontrolled - continue anyway? [Y]es or [N]o only, please.
Your blink will be uncontrolled - continue anyway?
Okay, then.
You blink.
You feel slightly more hungry.
A jelly comes into view.
You flicker for a moment.
The acid blob spits acid at you. The splash of acid hits you!!
You die...

....................# ##
.............)......## #
.....................##
.#####.........)......#
#.................#
#.............#....
#######...........###..
#.................## .
.......@...........##
...................)##
.....................##
.#####...J..######....##
#.§JdJ.# ##....#
#.##d§## ##..... ###
JJ.# ##...... J.)..
#....... ....§..##......


You could see an acid blob, 2 draconians and 5 jellies.

Vanquished Creatures
  Mara (Depths:2)
  An ancient lich (WizLab)
  Sojobo (Depths:3)
  Margery (Depths:2)
  Bai Suzhen (Spider:3)
  9 golden dragons
  22 tentacled monstrosities
  Jorgrun (Spider:3)
  2 liches
  5 titans (Vaults:5)
  Asterion (Depths:2)
  3 deep elf blademasters
  6 quicksilver dragons
  2 deep elf master archers (Elf:3)
  Polyphemus (Shoals:3)
  An acid blob (Zot:4)
  A sphinx (shapeshifter) (Vaults:5)
  5 sphinxes
  An ancient champion (WizLab)
  8 death cobs
  Donald (Spider:4)
  10 shadow dragons
  2 tentacled starspawn (Abyss:2)
  3 draconian monks
  12 storm dragons
  Ilsuiw (Shoals:3)
  8 tengu reavers
  6 frost giants
  2 iron dragons
  18 vault wardens
  8 fire giants
  3 draconian knights
  10 deep elf sorcerers
  3 orc warlords
  5 ghost moths
  5 draconian shifters
  4 draconian scorchers
  9 draconian annihilators
  A draconian stormcaller (Zot:4)
  17 very ugly things
  5 deep elf elementalists (Elf:3)
  6 emperor scorpions
  2 spriggan defenders (Depths:5)
  15 stone giants
  15 ironheart preservers
  A war gargoyle (Vaults:5)
  An entropy weaver (shapeshifter) (Elf:3)
  3 caustic shrike skeletons (Depths:4)
  7 entropy weavers
  8 black draconians
  8 deep elf demonologists
  10 green draconians
  6 vampire knights
  9 deep elf annihilators
  3 juggernaut skeletons (Depths:4)
  7 purple draconians
  A minotaur (Gauntlet)
  14 yellow draconians
  4 red draconians
  12 white draconians
  7 deep elf death magi
  7 merfolk javelineers
  Snorg (D:13)
  Josephine (D:13)
  9 fire dragons
  10 merfolk impalers
  5 deep elf high priests
  15 yaktaur captains
  4 great orbs of eyes
  14 ettins
  8 hydras
  5 rakshasas
  16 ice dragons
  18 vault guards
  Harold (Orc:1)
  Fannar (Orc:1)
  A spriggan air mage (Depths:4)
  15 centaur warriors
  Erolcha (D:10)
  2 merfolk avatars
  A catoblepas (Shoals:3)
  12 ogre magi
  9 merfolk aquamancers
  An alligator snapping turtle (Shoals:3)
  A queen ant (Spider:1)
  2 death yaks (Shoals:3)
  6 deep troll earth magi
  15 dancing weapons
  35 two-headed ogres
  2 spriggan berserkers
  7 deep troll shamans
  4 tengu warriors
  6 thrashing horrors (Abyss:2)
  2 orc high priests
  Urug (D:13)
  Sonja (Lair:2)
  2 titan skeletons (Depths:4)
  4 hell knights (Depths:2)
  21 deep elf knights
  A salamander mystic (Depths:3)
  A wretched star (Abyss:2)
  A fire crab (shapeshifter) (Vaults:1)
  A death drake (Abyss:2)
  27 skeletal warriors
  2 shadow wraiths
  11 sea snakes
  9 unseen horrors
  2 iron trolls (Depths:2)
  A swamp dragon (shapeshifter) (Vaults:5)
  13 deep trolls
  8 wizards
  4 glowing orange brains
  5 golden dragon skeletons (Depths:4)
  3 flayed ghosts
  A sea snake (shapeshifter) (Vaults:3)
  27 deep elf archers
  12 ironbrand convokers
  A tengu zombie (D:15)
  4 phantasmal warriors
  A swamp dragon (D:10)
  26 orc knights
  16 harpies
  11 orb spiders
  An orb spider (shapeshifter) (Vaults:4)
  5 orc sorcerers
  32 wolf spiders
  43 ugly things
  4 salamanders (Depths:3)
  3 sphinx skeletons
  4 necromancers
  A salamander (shapeshifter) (Elf:1)
  64 deep elf magi
  7 cyclopes
  10 manticores
  An iron dragon zombie (Depths:3)
  14 fauns
  A shadow dragon skeleton (Depths:4)
  A worldbinder (Abyss:2)
  11 merfolk sirens
  14 vault sentinels
  A frost giant skeleton (Depths:4)
  21 moths of wrath
  2 ice statues (IceCv)
  An apocalypse crab (Abyss:2)
  9 elephants
  A rust devil (Depths:3)
  2 orange demons (Abyss:2)
  3 black mambas
  12 water nymphs
  12 spiny frogs
  2 fire giant skeletons (D:15)
  2 centaur skeletons
  2 guardian serpents (shapeshifter)
  2 smoke demons (Abyss:2)
  A storm dragon simulacrum (Depths:3)
  3 gargoyles
  5 large abominations (Abyss:2)
  A spiny frog (shapeshifter) (Vaults:3)
  3 rime drakes
  A komodo dragon (shapeshifter) (Vaults:2)
  2 spriggan skeletons (Depths:4)
  5 freezing wraiths
  9 komodo dragons
  46 yaktaurs
  9 demonic crawlers
  A hydra zombie (Abyss:2)
  3 ancient zymes (Abyss:2)
  4 tengu conjurers
  6 polar bears
  30 merfolk
  3 meliai (D:12)
  Grinder (D:3)
  3 wind drakes
  18 jumping spiders
  A blink frog (shapeshifter) (Depths:1)
  14 hornets
  10 slime creatures
  6 trolls
  A raiju (Abyss:2)
  A meliai zombie (D:14)
  6 snapping turtles
  A tyrant leech (Gauntlet)
  5 dream sheep
  8 hippogriffs
  2 hippogriffs (shapeshifter)
  An ettin zombie (D:15)
  6 air elementals
  13 flying skulls (Depths:4)
  8 starcursed masses
  15 water elementals
  56 redbacks
  4 elf skeletons (Depths:4)
  5 wyverns
  13 spriggans
  5 shadows
  16 tarantellas
  4 wraiths (D:13)
  2 ynoxinuls
  A centaur simulacrum (D:14)
  7 vampires
  A redback (shapeshifter) (Vaults:4)
  10 yaks
  A spriggan (shapeshifter) (D:15)
  2 basilisks
  A hungry ghost (D:10)
  17 humans
  2 fire elementals
  A neqoxec (Abyss:2)
  Grum (D:10)
  5 vampire mosquitoes
  A golden eye (shapeshifter) (Elf:2)
  11 wargs
  12 soldier ants (Spider:1)
  5 two-headed ogre zombies (WizLab)
  2 swamp worms (Gauntlet)
  A naga (shapeshifter) (Vaults:5)
  12 water moccasins
  An acid dragon (Vaults:1)
  A soldier ant (shapeshifter) (Vaults:5)
  A floating eye (Depths:5)
  3 hell hounds (Abyss:2)
  A floating eye (shapeshifter) (Elf:3)
  9 porcupines
  6 sky beasts
  3 phantoms
  7 small abominations
  17 ice beasts
  39 orc warriors
  An eye of draining (shapeshifter) (Vaults:3)
  9 black bears
  An eye of draining (D:10)
  42 ogres
  25 wolves
  10 boggarts
  13 crocodiles
  11 centaurs
  18 bullfrogs
  2 big kobolds
  A bullfrog (shapeshifter) (Vaults:5)
  A glowing shapeshifter simulacrum (Vaults:3)
  3 earth elementals
  2 wyvern zombies
  A scorpion (D:8)
  2 killer bees (D:11)
  A water moccasin zombie (D:10)
  7 troll zombies (WizLab)
  3 water moccasin skeletons
  4 wights (WizLab)
  4 electric eels
  7 howler monkeys
  6 crimson imps
  2 centaur zombies
  5 hounds
  12 jellies
  2 quasits (Abyss:2)
  19 orc priests
  54 orc wizards
  2 iron imps (Abyss:2)
  3 bullfrog skeletons
  17 worker ants
  2 iguanas
  7 ogre zombies (WizLab)
  A hound zombie (D:9)
  A hound skeleton (D:4)
  3 worker ant zombies
  17 gnolls
  A howler monkey skeleton (D:10)
  10 adders
  4 shadow imps
  A white imp (Abyss:2)
  An ufetubus (Abyss:2)
  An ooze (D:1)
  4 worms
  2 dart slugs (D:1)
  4 leopard geckos
  127 orcs
  2 giant cockroaches
  11 goblins
  8 hobgoblins
  7 jackals
  19 kobolds
  5 quokkas
  A ball python skeleton (D:4)
  15 bats
  3 frilled lizards
  A leopard gecko skeleton (D:5)
  A leopard gecko zombie (D:5)
  7 rats
  A bush (Lair:6)
  A butterfly (Lair:2)
  3 crawling corpses
  A fungus (Lair:5)
  3 starspawn tentacles (Abyss:2)
2190 creatures vanquished.

Vanquished Creatures (collateral kills)
  Nikola (Spider:3)
  A tentacled monstrosity (Zot:4)
  An acid blob (Zot:4)
  A shadow dragon (Vaults:5)
  A tengu reaver (Vaults:5)
  A fire giant (Vaults:5)
  A frost giant (Depths:4)
  A balrug (Depths:3)
  A draconian knight (Zot:3)
  4 vault wardens (Vaults:5)
  An emperor scorpion (Spider:3)
  A deep elf sorcerer (Elf:3)
  2 ironheart preservers
  3 draconian annihilators
  2 black draconians (Zot:1)
  2 entropy weavers (Spider:1)
  A red draconian (Zot:3)
  A purple draconian (Zot:3)
  A yellow draconian (Zot:4)
  2 merfolk javelineers
  2 deep elf death magi
  A fire dragon (Depths:4)
  A deep elf high priest (Vaults:5)
  A great orb of eyes (shapeshifter) (Vaults:5)
  3 yaktaur captains (Vaults:5)
  A monstrous demonspawn (Depths:3)
  7 vault guards (Vaults:5)
  A merfolk avatar (Shoals:4)
  A vampire mage (D:15)
  A tengu warrior (D:15)
  A deep troll shaman (Depths:2)
  A sun demon (Depths:3)
  4 skeletal warriors (D:15)
  A sea snake (Shoals:1)
  A glowing orange brain (Vaults:5)
  6 deep trolls
  2 harpies (Shoals:1)
  2 deep elf magi
  A necromancer (D:15)
  2 wolf spiders
  A slime creature (D:15)
  A cyclops (Shoals:1)
  A vault sentinel (Vaults:5)
  A water nymph (Shoals:4)
  2 merfolk sirens
  A tengu conjurer (D:15)
  A merfolk (Shoals:1)
  A jumping spider (Spider:3)
  A hornet (shapeshifter) (Elf:3)
  2 dream sheep (Shoals:1)
  A wind drake (Shoals:4)
  A shadow (D:15)
  5 redbacks
  2 tarantellas (Spider:2)
  12 soldier ants (Spider:1)
  An orc warrior (Orc:1)
  A centaur (Shoals:4)
  2 bullfrogs (D:15)
  An earth elemental (Elf:3)
  8 worker ants (Spider:1)
  3 orcs
118 creatures vanquished.

Vanquished Creatures (others)
  A storm dragon (Zot:1)
  3 yellow draconians
  3 ettins (Vaults:5)
  A deep elf knight (Vaults:3)
  A wolf spider (D:14)
  An ancient zyme (Abyss:2)
  A hornet (Spider:4)
  A troll (Vaults:5)
  2 tarantellas
  A shadow (D:14)
  A golden eye (Abyss:2)
  A boggart (Depths:3)
  2 small abominations (Abyss:2)
  A jelly (Zot:4)
  An orc wizard (D:8)
  A white imp (Abyss:2)
  An ufetubus (Abyss:2)
  An orc (D:5)
  37 fungi
  11 plants
  11 starspawn tentacles (Abyss:2)
  25 tentacles (Shoals:3)
  3 withered plants (D:15)
111 creatures vanquished.

Grand Total: 2419 creatures vanquished

Notes
Turn   | Place    | Note
-------+----------+-------------------------------------------
     0 | D:1      | manon the Merfolk Berserker began the quest for the Orb.
     0 | D:1      | Reached XP level 1. HP: 18/18 MP: 1/1
   307 | D:1      | Reached XP level 2. HP: 24/24 MP: 2/2
   372 | D:1      | Reached skill level 5 in Polearms
   443 | D:1      | Reached XP level 3. HP: 30/30 MP: 3/3
   465 | D:1      | Reached ** piety under Trog
  1290 | D:2      | Reached XP level 4. HP: 32/37 MP: 4/4
  2056 | D:2      | Reached XP level 5. HP: 36/43 MP: 5/5
  2447 | D:3      | Reached *** piety under Trog
  2520 | D:3      | Noticed Grinder
  2536 | D:3      | Paralysed by Grinder for 5 turns
  2571 | D:3      | Killed Grinder
  2571 | D:3      | Reached skill level 5 in Fighting
  2571 | D:3      | Reached XP level 6. HP: 31/51 MP: 6/6
  2723 | D:3      | Noticed Sigmund
  2769 | D:4      | Reached XP level 7. HP: 37/56 MP: 7/7
  3153 | D:4      | Found a shattered altar of Ashenzari.
  3408 | D:5      | Entered Level 5 of the Dungeon
  3474 | D:5      | Reached skill level 1 in Evocations
  3512 | D:5      | Received a gift from Trog
  3512 | D:5      | Reached skill level 10 in Polearms
  3535 | D:5      | Found a shadowy altar of Dithmenos.
  3998 | D:6      | Found a radiant altar of Vehumet.
  4006 | D:6      | Reached skill level 1 in Shields
  4006 | D:6      | Reached XP level 8. HP: 51/64 MP: 9/9
  4008 | D:6      | Identified the +8 dire flail "Ox" {drain, rElec Str+7
                  | Stlth+}
  4008 | D:6      | Identified the +4 great mace of Oliast {crush, rC+}
  4008 | D:6      | Noticed a two-headed ogre
  4608 | D:6      | Found a radiant altar of Vehumet.
  4709 | D:6      | Found a transporter.
  4712 | D:6      | Noticed Iamsoldier's ghost (novice MiBe)
  4716 | D:6      | Found a transporter.
  4892 | D:6      | Found Gienifoh's Armour Boutique.
  5399 | D:7      | Reached XP level 9. HP: 34/72 MP: 11/11
  6062 | D:7      | Found a staircase to the Ecumenical Temple.
  6468 | D:8      | Found a sparkling altar of Nemelex Xobeh.
  6574 | D:8      | Killed an unseen horror
  6574 | D:8      | Reached skill level 5 in Evocations
  6574 | D:8      | Reached XP level 10. HP: 29/80 MP: 13/13
  6789 | D:8      | Reached skill level 5 in Shields
  6928 | D:8      | Noticed a two-headed ogre
  6938 | D:8      | Killed a two-headed ogre
  6978 | D:8      | Found a blossoming altar of Fedhas.
  6998 | D:8      | Noticed an oklob plant
  7979 | D:9      | Reached **** piety under Trog
  8025 | D:9      | Reached skill level 1 in Throwing
  8059 | D:9      | Found a glowing golden altar of the Shining One.
  8411 | D:10     | Entered Level 10 of the Dungeon
  8488 | D:10     | Found a staircase to the Lair.
  9303 | D:10     | Found Didemo's Antique Weapon Shoppe.
  9341 | D:10     | Reached skill level 3 in Dodging
  9354 | D:10     | Noticed Grum
  9358 | D:10     | Noticed a swamp dragon
  9372 | D:10     | Killed Grum
  9372 | D:10     | Reached XP level 11. HP: 77/89 MP: 15/15
  9381 | D:10     | Killed a swamp dragon
  9667 | D:6      | Bought the +1 chain mail of Midnight {-Cast rElec rPois
                  | Slay+2} for 436 gold pieces
  9767 | D:10     | Noticed a tengu warrior
  9767 | D:10     | Noticed an unseen horror
  9768 | D:10     | Noticed a centaur warrior
  9779 | D:10     | Killed a tengu warrior
  9779 | D:10     | Reached skill level 4 in Dodging
  9782 | D:10     | Killed an unseen horror
  9790 | D:10     | Noticed a cyclops
  9793 | D:10     | Killed a centaur warrior
  9798 | D:10     | Noticed a fire dragon
 10051 | Lair:1   | Entered Level 1 of the Lair of Beasts
 10069 | Lair:1   | Reached skill level 5 in Dodging
 10074 | Lair:1   | Reached skill level 10 in Fighting
 10321 | Lair:1   | Noticed a seven-headed hydra
 10337 | Lair:1   | Killed a seven-headed hydra
 10554 | Lair:1   | Reached skill level 6 in Dodging
 10709 | Lair:1   | You fall into a shaft and drop 1 floor!
 10792 | Lair:2   | Noticed Sonja
 10801 | Lair:2   | Killed Sonja
 10801 | Lair:2   | Reached XP level 12. HP: 98/98 MP: 17/17
 11011 | Lair:1   | Reached skill level 5 in Throwing
 11822 | Lair:3   | Found a runed translucent door.
 11822 | Lair:3   | Noticed Pigabica's ghost (journeyman MfSk)
 11878 | Lair:3   | Reached skill level 7 in Dodging
 12482 | Lair:4   | Found a gate leading to a gauntlet.
 12484 | Lair:4   | Noticed a six-headed hydra
 12496 | Lair:4   | Killed a six-headed hydra
 12541 | Gauntlet | Entered a Gauntlet
 12541 | Gauntlet | Found a transporter.
 12541 | Gauntlet | Found a runed translucent door.
 12541 | Gauntlet | Found a transporter.
 12553 | Gauntlet | Found a transporter.
 12554 | Gauntlet | Found a transporter.
 12569 | Gauntlet | Found a runed translucent door.
 12597 | Gauntlet | Found a transporter.
 12635 | Gauntlet | Reached skill level 8 in Dodging
 12654 | Gauntlet | Found a transporter.
 12661 | Gauntlet | Found a runed translucent gate.
 12663 | Gauntlet | Found a runed translucent gate.
 12666 | Gauntlet | Noticed a death scarab
 12668 | Gauntlet | Found a runed translucent gate.
 12684 | Gauntlet | Found a transporter.
 12684 | Gauntlet | Found a transporter.
 12685 | Gauntlet | Found a transporter.
 12685 | Gauntlet | Found a transporter.
 12763 | Gauntlet | Noticed a death ooze
 13052 | Gauntlet | Found a transporter.
 13059 | Gauntlet | Got an ancient cloak
 13072 | Gauntlet | Noticed a minotaur
 13089 | Gauntlet | Killed a minotaur
 13113 | Gauntlet | Identified the +2 cloak of Gravitas {rElec rN+++ MR- MP+9}
                  | (You found it in a Gauntlet)
 13114 | Gauntlet | Got a pair of fine boots
 13129 | Lair:4   | Identified the +2 pair of boots "Xuvaff" {*Contam +Blink
                  | Dex+4} (You found it in a Gauntlet)
 13264 | Lair:4   | Noticed a four-headed hydra
 13279 | Lair:4   | Killed a four-headed hydra
 13342 | Lair:4   | Reached skill level 9 in Dodging
 13435 | Lair:4   | Found a hole to the Spider Nest.
 13456 | Lair:4   | Reached XP level 13. HP: 91/106 MP: 19/19
 14423 | Lair:5   | Reached skill level 10 in Dodging
 14839 | Lair:6   | Entered Level 6 of the Lair of Beasts
 14839 | Lair:6   | Found a viscous altar of Jiyva.
 14839 | Lair:6   | Found a staircase to the Slime Pits.
 15360 | Lair:6   | Received a gift from Trog
 15404 | Lair:6   | Reached skill level 10 in Shields
 15952 | Lair:6   | Reached skill level 10 in Evocations
 16007 | Lair:6   | Reached skill level 11 in Dodging
 16368 | Lair:4   | Found a staircase to the Shoals.
 16725 | D:10     | Reached XP level 14. HP: 113/116 MP: 17/21
 16806 | D:10     | Noticed Erolcha
 16815 | D:10     | Killed Erolcha
 17176 | D:10     | Got a shimmering wooden ring
 17407 | D:10     | Received a gift from Trog
 18150 | D:12     | Found a frozen archway.
 18152 | D:12     | Identified the ring "Nerugaen" {rC+ Stlth+} (You found it
                  | on level 10 of the Dungeon)
 18176 | IceCv    | Entered an ice cave
 18189 | IceCv    | Received a gift from Trog
 18619 | IceCv    | Reached skill level 12 in Dodging
 19543 | D:12     | Found a roughly hewn altar of Beogh.
 19543 | D:12     | Found a staircase to the Orcish Mines.
 19573 | D:12     | Reached ***** piety under Trog
 19603 | D:12     | Received a gift from Trog
 20191 | Orc:1    | Entered Level 1 of the Orcish Mines
 20191 | Orc:1    | Noticed Maurice
 20192 | Orc:1    | Noticed Maurice
 20192 | Orc:1    | Maurice changed into Maurice the crocodile
 20194 | Orc:1    | Paralysed by an orc sorcerer for 4 turns
 20214 | Orc:1    | Killed Maurice the crocodile
 20331 | Orc:1    | Noticed Harold
 20347 | Orc:1    | Killed Harold
 20466 | Orc:1    | Noticed Fannar
 20489 | Orc:1    | Killed Fannar
 20902 | Orc:2    | Entered Level 2 of the Orcish Mines
 20962 | Orc:2    | Found a staircase to the Elven Halls.
 20979 | Orc:2    | Received a gift from Trog
 21810 | Orc:2    | Received a gift from Trog
 21961 | Orc:2    | Reached skill level 13 in Dodging
 22135 | Orc:2    | Reached XP level 15. HP: 125/125 MP: 23/23
 22200 | Orc:2    | Received a gift from Trog
 22575 | Orc:2    | Found a roughly hewn altar of Beogh.
 22584 | Orc:2    | Found Idohut's Distillery.
 22584 | Orc:2    | Found Saoc's Book Boutique.
 22603 | Orc:2    | Bought a potion of cancellation for 96 gold pieces
 22603 | Orc:2    | Bought a potion of invisibility for 96 gold pieces
 22603 | Orc:2    | Bought a potion of berserk rage for 60 gold pieces
 22636 | Orc:2    | Found Cimer's Magic Scroll Emporium.
 22636 | Orc:2    | Found Piuman's Food Boutique.
 22651 | Orc:2    | Bought a scroll of acquirement for 728 gold pieces
 22651 | Orc:2    | Bought a scroll of brand weapon for 280 gold pieces
 22651 | Orc:2    | Bought a scroll of remove curse for 42 gold pieces
 22651 | Orc:2    | Bought a scroll of identify for 28 gold pieces
 22651 | Orc:2    | Bought a scroll of identify for 28 gold pieces
 22651 | Orc:2    | Bought a scroll of identify for 28 gold pieces
 22651 | Orc:2    | Bought a scroll of enchant weapon for 105 gold pieces
 22651 | Orc:2    | Bought a scroll of enchant weapon for 105 gold pieces
 22651 | Orc:2    | Bought a scroll of identify for 28 gold pieces
 22651 | Orc:2    | Bought a scroll of identify for 28 gold pieces
 22906 | D:13     | Noticed Josephine
 22910 | D:13     | Killed Josephine
 23041 | D:13     | Found Refasy's Antique Weapon Shoppe.
 23148 | D:13     | Found a sacrificial altar of Ru.
 23417 | D:13     | Noticed Snorg
 23434 | D:13     | Killed Snorg
 23462 | D:13     | Noticed Urug
 23489 | D:13     | Killed Urug
 23771 | D:14     | Found a gate to the Vaults.
 23946 | D:14     | You fall into a shaft and drop 1 floor!
 23946 | D:15     | Entered Level 15 of the Dungeon
 23990 | D:15     | Reached ****** piety under Trog
 24084 | D:15     | Reached skill level 14 in Dodging
 24087 | D:15     | Received a gift from Trog
 24902 | D:14     | Received a gift from Trog
 24950 | D:14     | Identified the ring "Peni" {*Slow rElec rPois Dex+5 SInv}
                  | (You found it on level 14 of the Dungeon)
 24952 | D:14     | Identified the +1 leather armour "Kubariush" {MR- Int+4
                  | Dex+3 Stlth+} (You found it on level 14 of the Dungeon)
 24954 | D:14     | Identified the Catalogue of Combat Magic
 25035 | D:14     | Got a dazzling spear
 25072 | D:14     | Reached XP level 16. HP: 134/134 MP: 25/25
 25289 | D:15     | Found Guto's Antique Armour Shoppe.
 25364 | D:15     | Reached skill level 15 in Polearms
 25571 | D:15     | Found a staircase to the Depths.
 25676 | D:15     | Received a gift from Trog
 25847 | D:15     | Found Wiocs's Weapon Shop.
 26190 | Spider:1 | Entered Level 1 of the Spider Nest
 26194 | Spider:1 | Reached skill level 15 in Fighting
 26736 | Spider:1 | Received a gift from Trog
 26931 | Spider:1 | Reached skill level 15 in Dodging
 27411 | Spider:1 | HP: 4/136 [jumping spider (17)]
 28254 | Spider:1 | Identified the +10 spear of Houfahim {freeze, rElec Str+3
                  | Int+4} (You found it on level 14 of the Dungeon)
 28304 | Spider:1 | Received a gift from Trog
 28967 | Spider:3 | Noticed Nikola
 28975 | Spider:2 | Reached skill level 5 in Armour
 28996 | Spider:3 | Received a gift from Trog
 29423 | Spider:3 | Noticed Jorgrun
 29610 | Shoals:1 | Entered Level 1 of the Shoals
 29621 | Shoals:1 | Reached XP level 17. HP: 100/144 MP: 18/26
 29631 | Shoals:1 | Reached skill level 16 in Dodging
 29633 | Shoals:1 | Received a gift from Trog
 29909 | Shoals:1 | Found Bokax's Book Shop.
 29973 | Shoals:1 | Identified the amulet of the Median {Faith +Inv Str+7
                  | Int+2} (You found it on level 1 of the Shoals)
 31097 | Shoals:2 | Received a gift from Trog
 31137 | Shoals:2 | Found a runed translucent door.
 31138 | Shoals:2 | Noticed PigIron's ghost (adept DsBe)
 31255 | Shoals:4 | Entered Level 4 of the Shoals
 31648 | Shoals:3 | Received a gift from Trog
 31836 | Shoals:3 | Noticed Polyphemus
 31868 | Shoals:3 | Killed Polyphemus
 31893 | Shoals:3 | Noticed a kraken
 31946 | Shoals:3 | Noticed Ilsuiw
 32063 | Shoals:3 | Noticed a kraken
 32116 | Shoals:3 | Killed Ilsuiw
 32209 | Shoals:2 | Reached skill level 17 in Dodging
 32618 | Spider:3 | Killed Nikola
 32681 | Spider:3 | Killed Jorgrun
 32687 | Spider:3 | Noticed Bai Suzhen
 32695 | Spider:3 | Killed Bai Suzhen
 32891 | Spider:4 | Entered Level 4 of the Spider Nest
 32901 | Spider:4 | Noticed Donald
 32922 | Spider:4 | Killed Donald
 32922 | Spider:4 | Reached XP level 18. HP: 153/153 MP: 27/27
 33262 | Spider:4 | Received a gift from Trog
 33512 | Spider:4 | Reached skill level 15 in Shields
 34268 | Spider:4 | Got a gossamer rune of Zot
 34579 | Shoals:3 | Got a transparent large shield
 34590 | Shoals:3 | Identified the +7 large shield of Dogmatism {rPois rF-
                  | Str-4 Int+8} (You acquired it on level 3 of the Shoals)
 35197 | Shoals:4 | Found the amulet of Vitality {Regen+ HP+15}
 35221 | Shoals:4 | Received a gift from Trog
 35390 | Shoals:4 | Reached skill level 18 in Dodging
 35461 | Shoals:4 | Identified the ring of Kyatiosm {*Drain rN+ Slay+3 SInv}
                  | (You found it on level 4 of the Shoals)
 35587 | Shoals:4 | Identified the Disquisition on the Evil Glacier
 35705 | Shoals:4 | Got a barnacled rune of Zot
 35804 | Shoals:4 | Found Seimp's Antique Armour Shoppe.
 35844 | Shoals:4 | Received a gift from Trog
 36390 | Elf:1    | Entered Level 1 of the Elven Halls
 36430 | Elf:1    | Found a radiant altar of Vehumet.
 36567 | Elf:1    | Found a portal to a secret trove of treasure.
 36609 | Elf:1    | Found a flickering gateway to a bazaar.
 36643 | Bazaar   | Entered a bazaar
 36643 | Bazaar   | Found Mat Suoshre's Food Shop.
 36657 | Bazaar   | Found Ytoorat's Weapon Shop.
 36660 | Bazaar   | Found Veunovui's Magic Scroll Boutique.
 36666 | Bazaar   | Found Ecuaxkum's Weapon Shoppe.
 36673 | Bazaar   | Found Adiezaf's General Store.
 36681 | Bazaar   | Bought a scroll of blinking for 105 gold pieces
 36681 | Bazaar   | Bought a potion of haste for 140 gold pieces
 36681 | Bazaar   | Bought a scroll of magic mapping for 49 gold pieces
 36681 | Bazaar   | Bought a potion of curing for 42 gold pieces
 36693 | Bazaar   | Bought a scroll of identify for 14 gold pieces
 36693 | Bazaar   | Bought a scroll of teleportation for 21 gold pieces
 36693 | Bazaar   | Bought a scroll of teleportation for 21 gold pieces
 36693 | Bazaar   | Bought a scroll of enchant armour for 52 gold pieces
 36693 | Bazaar   | Bought 3 scrolls of fog for 42 gold pieces
 36693 | Bazaar   | Bought a scroll of remove curse for 21 gold pieces
 36693 | Bazaar   | Bought a scroll of identify for 14 gold pieces
 36849 | Elf:1    | Identified the ring "Rezaid" {rElec rC+ rN+}
 36851 | Elf:1    | Reached XP level 19. HP: 162/162 MP: 29/29
 36856 | Elf:1    | Noticed a Tzitzimitl
 36862 | Elf:1    | Noticed a Brimstone Fiend
 36862 | Elf:1    | Gained mutation: You are frail. (-10% HP) [a neqoxec]
 37005 | Elf:1    | Noticed an Ice Fiend
 37061 | Elf:1    | Found a runed translucent gate.
 37061 | Elf:1    | Found a runed translucent gate.
 37061 | Elf:1    | Found a runed translucent gate.
 37061 | Elf:1    | Found a runed translucent gate.
 37061 | Elf:1    | Found a runed translucent gate.
 37064 | Elf:1    | Found a runed translucent gate.
 37257 | Elf:1    | Received a gift from Trog
 37737 | Elf:2    | Found Ecitow's Book Shoppe.
 37783 | Elf:2    | Identified the +1 robe of Wexeris {rElec} (You found it on
                  | level 2 of the Elven Halls)
 37924 | Elf:2    | Noticed Roxanne
 38419 | Elf:2    | Found an ancient bone altar of Kikubaaqudgha.
 38497 | Elf:2    | Found a huge runed translucent gate.
 38497 | Elf:2    | Found a huge runed translucent gate.
 38497 | Elf:2    | Found a huge runed translucent gate.
 38503 | Elf:2    | Found a huge runed translucent gate.
 38503 | Elf:2    | Found a huge runed translucent gate.
 38551 | Elf:3    | Entered Level 3 of the Elven Halls
 38583 | Elf:3    | Received a gift from Trog
 38590 | Elf:3    | Gained mutation: Armour fits poorly on your strangely
                  | shaped body. [a shining eye]
 38630 | Elf:3    | Reached skill level 19 in Dodging
 38705 | Elf:3    | Received a gift from Trog
 38847 | Elf:3    | Found a magical portal.
 39128 | WizLab   | Noticed an antique lich
 39139 | WizLab   | Killed an antique lich
 39139 | WizLab   | Received a gift from Trog
 39152 | WizLab   | Found the +9 sword of Zonguldrok {reap}
 39481 | Elf:3    | Reached XP level 20. HP: 94/154 MP: 31/31
 39502 | Elf:3    | Reached skill level 15 in Evocations
 39666 | Elf:3    | Identified the +7 trident of Sapsoups {elec, rPois rF-
                  | Int+3 Stlth+}
 39878 | Elf:3    | Identified the +0 plate armour of Vyxuacva {rPois MR+
                  | Int-3} (You found it on level 3 of the Elven Halls)
 40061 | Elf:3    | Received a gift from Trog
 40269 | Elf:3    | Received a gift from Trog
 40474 | Elf:3    | Reached skill level 20 in Dodging
 40654 | Elf:3    | Identified the +4 demon whip of Pyromania {vamp, +Rage +Fly
                  | rC++}
 40657 | Elf:3    | Cast into level 2 of the Abyss (a deep elf sorcerer)
 41679 | Abyss:2  | Noticed a profane servitor
 41963 | Abyss:2  | Noticed a bone dragon
 42085 | Abyss:2  | Found a shimmering blue altar of Sif Muna.
 42233 | Abyss:2  | Gained mutation: Scrolls take you longer to read. [a
                  | neqoxec]
 42246 | Abyss:2  | Received a gift from Trog
 42369 | Elf:3    | Escaped the Abyss
 42594 | Elf:3    | Identified the cursed +0 crystal plate armour of Moyxtoisk
                  | {Dex+3} (You found it on level 3 of the Elven Halls)
 42639 | Elf:3    | Identified Iroam's Compendium of Attacks
 43753 | Depths:1 | Entered Level 1 of the Depths
 43949 | Depths:1 | Found a one-way gate to the infinite horrors of the Abyss.
 43963 | Depths:1 | Found an iron altar of Okawaru.
 44254 | Depths:1 | Found a gateway to Hell.
 45054 | Depths:2 | Noticed Mara
 45082 | Depths:2 | Killed Mara
 45082 | Depths:2 | Reached XP level 21. HP: 129/161 MP: 13/32
 45483 | Depths:2 | Noticed Margery
 45491 | Depths:2 | Killed Margery
 45801 | Depths:2 | Found a corrupted altar of Lugonu.
 45814 | Depths:2 | Noticed Asterion
 45841 | Depths:2 | Killed Asterion
 45841 | Depths:2 | Received a gift from Trog
 45858 | Depths:2 | HP: 8/161 [deep troll shaman (19)]
 45872 | Depths:2 | HP: 8/161 [deep troll (6)]
 45872 | Depths:2 | HP: 3/161 [deep troll shaman (5)]
 46990 | Depths:2 | Reached skill level 21 in Dodging
 47954 | Depths:3 | Received a gift from Trog
 47981 | Depths:2 | Reached skill level 1 in Stealth
 49039 | Elf:1    | You paid a toll of +3 shadow dragon scales to enter a
                  | treasure trove
 49040 | Trove    | Entered a treasure trove
 49066 | Trove    | Got a glittering silver amulet
 49068 | Trove    | Got a vibrating graven amulet
 49070 | Trove    | Got a steaming platinum amulet
 49072 | Trove    | Got a pitted ruby amulet
 49131 | Elf:1    | Identified the amulet "Ybodib" {+Rage +Inv Str+3 Slay+3}
                  | (You found it in a treasure trove)
 49133 | Elf:1    | Identified the amulet "Feats" {Acrobat Fragile rN+ MR+
                  | Int+9} (You found it in a treasure trove)
 49135 | Elf:1    | Identified the amulet "Sieddineux" {Faith rPois MR- Int+6}
                  | (You found it in a treasure trove)
 49137 | Elf:1    | Identified the amulet of Giedun {Harm *Drain MP+9 Str-2
                  | Dex+9 SInv} (You found it in a treasure trove)
 49568 | Depths:3 | Noticed Sojobo
 49706 | Depths:2 | Got a heavily runed shield
 49717 | Depths:2 | Identified the +3 shield of Gravitas {rPois} (You acquired
                  | it on level 2 of the Depths)
 49740 | Depths:3 | Killed Sojobo
 49892 | Depths:3 | Found a one-way gate leading to the halls of Pandemonium.
 50512 | Depths:3 | Identified the +2 robe of Dice, Bag, and Bottle {rElec
                  | rPois rF- MR+} (You found it on level 3 of the Depths)
 50515 | Depths:3 | Identified the +2 ring mail of the King of the Hill
                  | {Stlth+} (You found it on level 3 of the Depths)
 50599 | Depths:3 | Reached XP level 22. HP: 156/170 MP: 33/33
 50818 | Depths:3 | Found an iron altar of Okawaru.
 51966 | Depths:4 | Found Biph's Distillery.
 51984 | Depths:4 | Bought a potion of curing for 51 gold pieces
 51984 | Depths:4 | Bought a potion of haste for 170 gold pieces
 51984 | Depths:4 | Bought a potion of might for 68 gold pieces
 52112 | Depths:4 | Received a gift from Trog
 52475 | Depths:4 | Identified the ring "Taic" {rC+ MP+9 Dex+4}
 52685 | Depths:4 | Found the +2 cloak of the Thief {+Fog Slay-2 SInv Stlth+}
 52817 | Depths:4 | Reached skill level 22 in Dodging
 52826 | Depths:4 | Received a gift from Trog
 53386 | Depths:4 | Received a gift from Trog
 53598 | Depths:4 | Found Lynloitz's Jewellery Shoppe.
 53599 | Depths:4 | Found Ilalieho's Gadget Shop.
 53600 | Depths:4 | Found Desiusacu's Jewellery Shoppe.
 53606 | Depths:4 | Bought the ring of False Pretenses {+Fly rN+ MR+ Slay+6
                  | SInv} for 1421 gold pieces
 53757 | Depths:5 | Entered Level 5 of the Depths
 53808 | Depths:5 | Reached skill level 5 in Stealth
 54010 | Vaults:1 | Entered Level 1 of the Vaults
 54138 | Vaults:1 | Reached XP level 23. HP: 144/177 MP: 28/34
 54614 | Vaults:1 | Received a gift from Trog
 54975 | Vaults:1 | Received a gift from Trog
 55056 | Vaults:1 | Identified the +0 chain mail "Xeotriac" {rC+ Dex+2} (You
                  | found it on level 1 of the Vaults)
 55754 | Vaults:2 | Found a staircase to the Crypt.
 56026 | Vaults:2 | Received a gift from Trog
 57037 | Vaults:3 | Received a gift from Trog
 57164 | Vaults:3 | Reached skill level 23 in Dodging
 57167 | Vaults:3 | Reached skill level 10 in Throwing
 57304 | Vaults:3 | Identified the ring of Ophu {rElec rF+ Dex+4 Stlth+} (You
                  | found it on level 3 of the Vaults)
 57377 | Vaults:3 | Reached XP level 24. HP: 178/186 MP: 34/34
 57458 | Vaults:3 | Received a gift from Trog
 57573 | Vaults:3 | Received a gift from Trog
 58434 | Vaults:3 | Received a gift from Trog
 58660 | Vaults:4 | Received a gift from Trog
 59014 | Vaults:4 | Received a gift from Trog
 59543 | Vaults:4 | Received a gift from Trog
 59852 | Depths:5 | Found a gate to the Realm of Zot.
 59865 | Depths:5 | Found a gateway to a ziggurat.
 59918 | Depths:5 | Received a gift from Trog
 60002 | Depths:5 | Found Giavarph's Blood Bar.
 60690 | Depths:5 | Received a gift from Trog
 60898 | Depths:5 | Reached XP level 25. HP: 188/194 MP: 34/34
 61166 | Depths:5 | Lost mutation: Armour fits poorly on your strangely shaped
                  | body. [potion of mutation]
 61166 | Depths:5 | Lost mutation: You are frail. (-10% HP) [potion of
                  | mutation]
 61166 | Depths:5 | Gained mutation: Your spells are a little harder to cast,
                  | but a little more powerful. [potion of mutation]
 61166 | Depths:5 | Gained mutation: You are partially covered in molten
                  | scales. (AC +2) [potion of mutation]
 61166 | Depths:5 | Gained mutation: You expend magic power (3 MP) to
                  | strengthen your wands. [potion of mutation]
 61167 | Depths:5 | Lost mutation: Scrolls take you a little longer to read.
                  | [potion of mutation]
 61167 | Depths:5 | Lost mutation: Your spells are a little harder to cast, but
                  | a little more powerful. [potion of mutation]
 61167 | Depths:5 | Gained mutation: You are surrounded by a mild repulsion
                  | field. (EV +2) [potion of mutation]
 61167 | Depths:5 | Gained mutation: Your movements are slightly less
                  | encumbered by armour. (ER -2) [potion of mutation]
 61168 | Depths:5 | Lost mutation: You expend magic power (3 MP) to strengthen
                  | your wands. [potion of mutation]
 61168 | Depths:5 | Lost mutation: You are partially covered in molten scales.
                  | (AC +2) [potion of mutation]
 61168 | Depths:5 | Lost mutation: Your movements are slightly less encumbered
                  | by armour. (ER -2) [potion of mutation]
 61168 | Depths:5 | Lost mutation: You are surrounded by a mild repulsion
                  | field. (EV +2) [potion of mutation]
 61168 | Depths:5 | Gained mutation: Your mind is acute. (Int +2) [potion of
                  | mutation]
 61168 | Depths:5 | Gained mutation: You are covered in fur. (AC +1) [potion of
                  | mutation]
 61416 | Vaults:5 | Entered Level 5 of the Vaults
 61485 | Vaults:5 | Received a gift from Trog
 61487 | Vaults:5 | Reached skill level 24 in Dodging
 61843 | Vaults:5 | Identified the +10 hand crossbow "Nussoalu" {flame, Str+2
                  | Dex+2}
 61843 | Vaults:5 | Identified the +6 chain mail of the Imp {rElec rN+ Int+2}
 61843 | Vaults:5 | Identified the ring "Xiafeiss" {rPois rC+ Str-5 Int+5}
 62001 | Vaults:5 | Received a gift from Trog
 62038 | Vaults:5 | Identified the +6 morningstar "Keuz Ufo" {flame, +Inv
                  | Int+3}
 62134 | Vaults:5 | Paralysed by a sphinx for 3 turns
 62164 | Vaults:5 | Identified the +10 mace of Strategic Superiority {protect,
                  | rN+}
 62245 | Vaults:5 | Identified the +9 flail of Bread {vamp, Fragile rElec rC-
                  | Int+8}
 62245 | Vaults:5 | Identified the +5 trident of Proximity {protect, MP-9
                  | Dex+4}
 62460 | Vaults:5 | Identified the +7 quarterstaff "Jovu" {freeze, Str+6 Int+3
                  | SInv Stlth-}
 62460 | Vaults:5 | Identified the +6 plate armour of Levity {rF+}
 62507 | Vaults:5 | Received a gift from Trog
 62633 | Vaults:5 | Identified the +8 long sword of Hokhat {flame, rN++ Int-5
                  | Dex+3 Stlth+}
 62633 | Vaults:5 | Identified the ring of Zedas {Dex+5 Slay+2}
 63113 | Vaults:5 | Identified the Disquisition on Creative Venom
 63325 | Vaults:5 | Identified the +9 bardiche "Bowarh Cykk" {protect, rF+}
 63349 | Vaults:5 | Reached XP level 26. HP: 198/225 MP: 34/34
 63562 | Vaults:5 | Got a silver rune of Zot
 64240 | Depths:4 | Bought the ring of Xom's Absentmindedness {rPois rC+ MR+
                  | MP-9 Dex+3} for 567 gold pieces
 64279 | Zot:1    | Entered Level 1 of the Realm of Zot
 64480 | Zot:1    | Received a gift from Trog
 65431 | Zot:1    | Received a gift from Trog
 66082 | Zot:2    | Reached skill level 25 in Dodging
 67169 | Zot:3    | Received a gift from Trog
 67169 | Zot:3    | Reached XP level 27. HP: 213/235 MP: 25/34
 68652 | Zot:3    | Received a gift from Trog
 69188 | Zot:4    | Killed from afar by an acid blob

Levels and vault maps discovered:
D:1:      roderic_crossed_star, layout_loops_ring, minivault_24
D:2:      layout_basic
D:3:      lemuel_upstairs_altar, layout_loops_ring, first_ration,
          minmay_unequal, uniq_robin, uniq_natasha, uniq_jessica, uniq_sigmund,
          uniq_grinder
D:4:      layout_basic, cheibrodos_ashenzari_chains
D:5:      layout_rooms, grunt_dithmenos_smoke_and_mirrors
D:6:      layout_loops_ring, vehumet_statue, serial_shops,
          nicolae_shop_statue_plus, basic_altar, gammafunk_ghost_smash,
          dk_noncrumbling_4
D:7:      layout_rooms, minmay_temple_entry_glassed_door
D:8:      layout_loops_ring, nicolae_overflow_crystal_walls, tgw_fedhas
D:9:      layout_loops_cross, lemuel_coloured_pillars_altar
D:10:     minmay_the_grid_4x2 [minmay_the_grid_paths, minmay_the_grid_dragon_b,
          minmay_the_grid_fan, minmay_the_grid_diamond_grid,
          minmay_the_grid_dragon_a, minmay_the_grid_minigrid_small_alt,
          minmay_the_grid_zigzag_pyramid, minmay_the_grid_prize_trominoes],
          layout_gridville, due_lair_maze_entry_diamond, serial_shops,
          nicolae_shop_behind_doors, grunt_pizzeria, uniq_grum, uniq_erolcha
D:11:     layout_roguey
D:12:     layout_loops_ring, david_orc_5, portal_ice_cave_entry_pillars_1
D:13:     layout_long_grid, serial_shops, shop, skrybe_limestone_x,
          hangedman_ru_absence, uniq_josephine, uniq_snorg, uniq_urug
D:14:     layout_irregular_city, david_vaults_3,
          minmay_checkered_concentric_circles
D:15:     gammafunk_depths_entry_grave, layout_basic, serial_shops,
          nicolae_shop_statue_plus, shop, hangedman_decor_points
Lair:1:   layout_cave_pods
Lair:2:   layout_long_grid, serial_bayou_shore_a, lemuel_fruit_fields,
          uniq_sonja
Lair:3:   layout_cave_pods, ebering_ghost_inner_flame, grunt_megastairs_2,
          infiniplex_staircase_pool_2
Lair:4:   layout_cave_shapes, elwin_shoals_entry_rooms,
          spider_nest_entry_rubble, gauntlet_entry_generic, beast_lair_carwin_9,
          lemuel_fruit_tree, minmay_lair_oklob_chamber
Lair:5:   layout_gridlike
Lair:6:   minmay_lair_end_enchanted_forest, layout_regular_city, slime_altar_1,
          roderic_batcave
Shoals:1: layout_shoals, serial_shops, shop
Shoals:2: layout_shoals, ebering_ghost_inner_flame
Shoals:3: layout_shoals, uniq_polyphemus, uniq_ilsuiw
Shoals:4: shoals_end_simple, layout_shoals, shoals_ilsuiw_ice, serial_shops,
          shop, nicolae_shoals_water_shrine
Spider:1: spider_temple_joshua, minivault_29
Spider:2: layout_spider_delve
Spider:3: layout_spider_delve, drop_trap, uniq_nikola, uniq_bai_suzhen,
          uniq_jorgrun
Spider:4: guppyfry_spider_rune, nicolae_spider_cling_ruins, uniq_donald
Orc:1:    layout_caves, uniq_maurice, uniq_harold, uniq_fannar
Orc:2:    st_orc_town, layout_diamond_mine
Elf:1:    eino_elf_arrival_altar, layout_loops_corners, serial_shops,
          bzr_entry_dummy, nicolae_trove_entry_crystal, orc_legates,
          minivault_16
Elf:2:    layout_geoelf_diagonals, serial_shops, nicolae_shop_waterfront,
          hangedman_decor_cross_pass, uniq_roxanne
Elf:3:    grunt_elf_hall_branching, layout_geoelf_octagon, mu_enter_wizlab_1,
          st_stairs_1, hangedman_elven_ridges, serial_sigils_hangedman_stare,
          elves_outpost_lemuel
Vaults:1: v_misc_24, hangedman_vaults_stretched_pinwheel, vaults_mumra_chevron,
          ontoclasm_vaults_tryst, vaults_room_ringed_pool,
          hangedman_vaults_stitches, nicolae_vaults_network_star,
          nicolae_vaults_alarming, v_misc_10, grunt_vaults_hallway_short,
          nicolae_vaults_what_the_h, ontoclasm_vaults_fault,
          hangedman_vaults_stream, vaults_mumra_lcd, nicolae_vaults_theta,
          vaults_mumra_bighexcomb, vaults_dpeg_ring, layout_vaults_maze_snakey
Vaults:2: st_lines, minmay_crypt_entry_vampire_xt,
          nicolae_vaults_little_squares_3, grunt_vaults_hallway_short,
          v_misc_30, vaults_room_door_ring, v_misc_2, vaults_room_fancy_cross,
          vaults_room_hallway, hangedman_vaults_corner,
          nicolae_vaults_little_squares_2, v_misc_23,
          nicolae_vaults_little_squares_2, hangedman_vaults_trim, v_misc_10,
          v_misc_19, ontoclasm_vaults_misaligned,
          nicolae_vaults_border_crossing, layout_vaults_omnicross
Vaults:3: st_quartered_hall, hangedman_vaults_stagger,
          hangedman_vaults_river_flow, hangedman_vaults_locks,
          vaults_room_fancy_cross, hangedman_vaults_restitches,
          ontoclasm_vaults_gateway, vaults_dpeg_encased_lava, v_misc_18,
          hangedman_vaults_impose, v_misc_33, layout_vaults_omnibox
Vaults:4: v_misc_8, v_rooms_1, vaults_room_door_ring,
          nicolae_vaults_yaktaur_gun_rack, vaults_room_large_hall,
          ontoclasm_vaults_ring_square, v_pattern_1, st_more_cells,
          nicolae_vaults_asterisk, layout_vaults_big_room
Vaults:5
Depths:1: layout_gridlike, kennysheep_doodads, abyss_entry, hell_entry,
          okawaru_ov_weapons_minmay
Depths:2: minmay_angry_zag, layout_honeycomb, kennysheep_big_empty_room,
          abyss_entry_flame_altar, grunt_metal_band, minmay_crystal_room,
          uniq_mara, uniq_asterion
Depths:3: evilmike_iron_armoury, layout_cave_pools, rand_demon_pan_entry_3,
          hell_entry, minmay_misc_feat_diagonals, uniq_sojobo
Depths:4: minmay_skeleton_keep, layout_cave_shapes,
          serial_sigils_hangedman_scratch, hell_entry,
          abyss_entry_small_statue_room, pan_entry, serial_shops, shop_coins,
          horrible_house_mu, infiniplex_staircase_spiral, minmay_shop_grove,
          serial_bayou_shore_b
Depths:5: evilmike_zot_entry_diamond, layout_basic, enter_ziggurat_f,
          hell_entry, interstate_on_off, abyss_entry, roderic_lattice_a,
          guppyfry_shop_blood
Zot:1:    layout_misc_corridors
Zot:2:    grunt_twist_and_shout, layout_cathedral_of_symmetry
Zot:3:    layout_onion, lemuel_baited_zot_trap, zot_minivault_6
Zot:4:    lemuel_acid_trip, layout_onion, lemuel_golem_globe

Skill      XL: |  1  2  3  4  5  6  7  8  9 10 11 12 13 14 15 16 17 18 19 20 21 22 23 24 25 26 27 |
---------------+----------------------------------------------------------------------------------+-----
Polearms       | 5 6 7 9 10 11 13 14 16 17 19 20 21 22 23 24 | 24.1
Fighting       | 4 5 6 7 8 9 10 11 12 13 14 15 16 17 18 19 20 21 22 23 | 23.6
Evocations     | 2 3 5 7 8 10 11 12 14 15 | 15.0
Shields        | 1 3 4 6 7 9 10 11 12 13 14 15 16 17 18 19 20 21 22 | 22.8
Armour         | 3 4 5 |  5.0
Throwing       | 2 4 5 6 8 10 11 12 | 12.0
Dodging        | 3 6 9 11 13 14 15 17 18 19 20 21 22 23 24 25 | 25.8
Stealth        | 4 5 6 8 |  8.0

Action                   |  1- 3 |  4- 6 |  7- 9 | 10-12 | 13-15 | 16-18 | 19-21 | 22-24 | 25-27 || total
-------------------------+-------+-------+-------+-------+-------+-------+-------+-------+-------++-------
Melee: Spear             |   129 |   237 |   352 |       |       |   139 |       |       |       ||   857
       Trident           |       |       |   128 |   773 |  1619 |   504 |   840 |   709 |   325 ||  4898
       Tailslap          |       |       |       |       |     3 |    12 |     9 |       |     5 ||    29
       Halberd           |       |       |       |       |   368 |    27 |       |       |       ||   395
       Demon trident     |       |       |       |       |       |  1183 |  1392 |  1661 |   966 ||  5202
Throw: Stone             |    16 |    38 |    12 |     3 |       |       |       |       |       ||    69
       Javelin           |       |       |    50 |    44 |    67 |    61 |    37 |    17 |   128 ||   404
       Dart              |       |       |     2 |     7 |    39 |     1 |       |       |       ||    49
       Boomerang         |       |       |       |    17 |     7 |    17 |       |       |       ||    41
Invok: Trog's Hand       |       |     2 |    10 |    14 |    17 |    25 |    27 |     5 |     5 ||   105
       Berserk           |       |     1 |     2 |    10 |     3 |     2 |     7 |     1 |       ||    26
       Brothers in Arms  |       |       |       |       |     3 |    10 |     6 |     1 |    12 ||    32
 Abil: Evoke Invisibilit |       |       |       |       |       |     2 |       |       |    12 ||    14
       Evoke Blink       |       |       |       |       |       |       |       |       |     1 ||     1
Evoke: Wand              |       |       |     1 |     4 |    47 |    35 |     4 |     6 |    21 ||   118
  Use: Potion            |       |     1 |       |     1 |     3 |     4 |     1 |       |    10 ||    20
       Scroll            |       |       |     9 |     9 |    30 |    13 |    26 |     6 |     3 ||    96
 Stab: Paralysed         |       |       |       |     2 |     3 |     6 |     4 |     2 |       ||    17
       Distracted        |       |       |       |       |       |     7 |     4 |     1 |     7 ||    19
       Invisible         |       |       |       |       |       |     6 |       |       |    80 ||    86
       Betrayed ally     |       |       |       |       |       |     1 |       |     1 |       ||     2
       Held in net/web   |       |       |       |       |       |     1 |       |       |       ||     1
  Eat: Chunk             |     1 |     6 |    12 |    19 |    40 |    27 |    13 |    25 |     8 ||   151
       Ration            |       |       |     2 |     5 |     3 |     8 |    15 |     4 |     9 ||    46
Armor: Animal skin       |    14 |       |       |       |       |       |       |       |       ||    14
       Ring mail         |    12 |    14 |       |       |       |       |       |       |       ||    26
       Chain mail        |       |    48 |   142 |   137 |   386 |   243 |   188 |    73 |       ||  1217
       Pearl dragon scal |       |       |       |       |       |       |       |       |   118 ||   118
Dodge: Dodged            |    64 |    57 |    50 |   129 |   668 |   557 |   588 |   384 |   543 ||  3040
Block: Large shield      |       |       |    76 |   205 |   971 |  1601 |  1906 |  1470 |  1197 ||  7426
       Buckler           |       |       |    21 |    51 |       |       |       |       |       ||    72
       Shield            |       |       |       |       |       |    30 |       |       |       ||    30
       Reflection        |       |       |       |       |       |     3 |       |       |       ||     3
